Dalen, chaotic male elven Rogue ----------- |B...l.)...| ####@BB........| ###----+---- -- # # ### # # ### # # ### ---------- # # |......>.-##### |%.......| .------+---- .......... ............| ---------- |. ..| |. | --- Dalen the Footpad Experience level: 1 Strength: 12 Dexterity: 17 Constitution: 15 Intelligence: 8 Wisdom: 11 Charisma: 10 Health: 0(11) Energy: 5(5) Def: 3 Gold: 249 Moves: 1932 Dungeon seed: wI5fDuEyXwu8gI81 Game ID: Dalen_1576099026 Your Inventory: Weapons a - an uncursed +0 elven short sword (weapon in hand) b - 11 uncursed +0 elven daggers (in quiver) Wands h - an uncursed wand of opening (0:3) Potions c - an uncursed potion of sickness Scrolls p - an uncursed scroll of identify t - an uncursed scroll of teleportation y - an uncursed scroll of scare monster Tools d - an uncursed lock pick f - an uncursed sack g - an uncursed blindfold k - an uncursed tin opener Rings v - a cursed ring of hunger Armor e - an uncursed +1 leather armor (being worn) N - an uncursed +0 dwarvish cloak Y - an uncursed +0 orcish helm Gems q - 2 uncursed worthless pieces of red glass r - an uncursed worthless piece of white glass z - an uncursed obsidian Coins $ - 249 gold pieces Comestibles D - an uncursed carrot E - an uncursed sprig of wolfsbane Spellbooks l - an uncursed spellbook of light n - an uncursed spellbook of knock F - a blessed spellbook of detect unseen Spells and supernatural/magical abilities: Name Level Category Fail Memory W - pray for help -- divine ? -- Your skills at the end: Miscellaneous Skills wands [Basic] Weapon Skills dagger [Basic] short sword [Basic] Spellcasting Skills Final Attributes: You were piously aligned. You were stunned. Your writing hand was a little cramped from use. You had infravision. You were stealthy. You were lucky. You are dead. Vanquished creatures: a fog cloud a floating eye a hobbit 2 acid blobs 2 geckos a hobgoblin 2 giant rats 2 cave spiders 6 newts a goblin 2 grid bugs 2 lichens 23 creatures vanquished. Voluntary challenges: You did not adorn yourself with jewelry or accessories. You did not cause conflict. You were not invisible. You did not have reflection. You were not displaced. You used a wielded weapon 1 time, starting on turn 1244. You did not apply a unicorn horn. You did not use plumbed fixtures. You did not drink any magical draughts. You read items or engraved 2 times, starting on turn 1637. You never genocided any monsters. You never polymorphed an object. You never changed form. You used no wishes. You never split a pudding. You wrote Elbereth's name 2 times, starting on turn 1637. You never violated your personal moral code. Dungeon overview: The Dungeons of Doom: levels 1 to 7 Level 1 a fountain a long staircase Level 2 a general store, a fountain Level 3 an altar to Mog, some fountains stairs to The Gnomish Mines Level 4 a fountain Level 5 Level 6 <- You were here Level 7 The Gnomish Mines: Level 4 stairs to The Dungeons of Doom History has recorded: On T:1 you entered the Dungeons of Doom to retrieve the Amulet of Yendor! On T:123 you reached level 2 of The Dungeons of Doom. On T:222 you reached level 3 of The Dungeons of Doom. On T:1279 you reached level 1 of The Gnomish Mines. On T:1400 you reached level 5 of The Dungeons of Doom. On T:1909 you reached level 6 of The Dungeons of Doom. On T:1912 you reached level 7 of The Dungeons of Doom. Score breakdown: Gold: 249 ( 24 points) Experience: 1 level ( 0 points) Exploration: 7 levels ( 180 points) Discoveries: 12 items ( 600 points) Variety of kills: 12 monsters ( 600 points) Major goal: (nothing yet) ( 0 points) Survival: died (score multiplied by 3) Total score: 4212 Latest messages: The door opens. Please move the cursor to an unknown object. Never mind. You throw 2 elven daggers. The 1st elven dagger hits the floating eye. The 2nd elven dagger hits the floating eye. You throw 2 elven daggers. The 1st elven dagger hits the floating eye. The 2nd elven dagger hits the floating eye! You kill the floating eye! A trap door opens up under you! Please move the cursor to an unknown object. Never mind. The manes punches you! (2x) The manes misses. You hear some noises in the distance. The door opens. KABOOM!! The door was booby-trapped! You stagger... The bat bites! You die... The sack is empty. The sack is empty. Final status: Goodbye Dalen the Rogue, killed by a bat... You died in The Dungeons of Doom on dungeon level 6 with 4212 points, and 249 pieces of gold, after 1932 moves. You were level 1 with a maximum of 11 hit points when you died.